 Dungeon Crawl Stone Soup version 0.27-a0-1291-geefcff550b (webtiles) character file.

Game seed: 4574235563207894962

4291 lessens the Basher (level 10, -2/71 HPs)
             Began as a Formicid Air Elementalist on June 15, 2021.
             Was a Priest of Okawaru.
             Slain by a centaur warrior (9 damage)
             ... on level 8 of the Dungeon.
             The game lasted 00:13:37 (9264 turns).

lessens the Basher (Formicid Air Elementalist)      Turns: 9264, Time: 00:13:37

Health: -2/71      AC: 13    Str: 16    XL:     10   Next: 57%
Magic:  0/13       EV: 14    Int: 15    God:    Okawaru [***...]
Gold:   507        SH:  0    Dex: 11    Spells: 12/13 levels left

rFire    . . .     SeeInvis +   L - +0 great mace
rCold    . . .     Faith    .   (no shield)
rNeg     . . .     Spirit   +   r - +0 steam dragon scales
rPois    .         Reflect  .   (helmet unavailable)
rElec    .         Harm     .   N - +0 cloak
rCorr    .         Rampage  .   v - +0 pair of gloves
Will     +....                  w - +0 pair of boots
Stlth    +++.......             Q - amulet of guardian spirit
HPRegen  0.21/turn              B - +4 ring of protection
MPRegen  0.13/turn              (no ring)

@: heroic
A: permanent stasis, dig shafts and tunnels, antennae 3, four strong arms
a: Dig, Shaft Self, Renounce Religion, Heroism


You were on level 8 of the Dungeon.
You worshipped Okawaru.
Okawaru was most pleased with you.
You visited 1 branch of the dungeon, and saw 8 of its levels.

You collected 507 gold pieces.

Inventory:

Hand Weapons
 c - a +0 club
 t - a +0 flail
 u - the +7 hand axe "Waxar" {flame, Will++ rCorr}
   (You took it off an orc on level 3 of the Dungeon)

   It has been specially enchanted to burn those struck by it, causing extra
   injury to most foes and up to half again as much damage against particularly
   susceptible opponents.
   Big, fiery blades are also staple armaments of hydra-hunters.
   It protects you from acid and corrosion.
   It greatly increases your willpower.
 L - a +0 great mace (weapon)
Missiles
 b - 249 stones
 p - 90 poisoned darts
 y - 3 boomerangs
Armour
 a - a +0 robe
 h - a +0 ring mail
 r - +0 steam dragon scales (worn)
 v - a +0 pair of gloves (worn)
 w - a +0 pair of boots (worn)
 J - a +2 ring mail of cold resistance
 N - a +0 cloak (worn)
Jewellery
 B - a +4 ring of protection (left hand)
 Q - an amulet of guardian spirit (around neck)
 R - an amulet of regeneration
Wands
 m - a wand of paralysis (3)
 F - a wand of mindburst (17)
 I - a wand of digging (6)
Scrolls
 d - a scroll of teleportation
 g - a scroll of torment {unknown}
 j - a scroll of amnesia {unknown}
 l - 3 scrolls of enchant armour {unknown}
 o - a scroll of immolation {unknown}
 q - a scroll of noise {unknown}
 C - a scroll of brand weapon {unknown}
 D - 2 scrolls of fear {unknown}
 H - 2 scrolls of identify
 K - a scroll of fog {unknown}
 P - 2 scrolls of acquirement {unknown}
Potions
 e - 2 potions of mutation {unknown}
 f - 4 potions of curing
 i - 2 potions of degeneration {unknown}
 n - a potion of haste {unknown}
 s - 2 potions of lignification {unknown}
 x - 3 potions of berserk rage
 z - a potion of flight {unknown}
 A - 2 potions of cancellation {unknown}
 E - a potion of ambrosia {unknown}
 G - 2 potions of attraction {unknown}
 M - 2 potions of brilliance {unknown}
 O - a potion of resistance {unknown}


   Skills:
 + Level 4.0(9.0) Fighting
 * Level 13.2(18.2) Maces & Flails
 - Level 1.7(6.7) Dodging
 - Level 2.4(7.4) Stealth
 - Level 2.1 Spellcasting
 - Level 0.8 Conjurations
 - Level 2.4 Air Magic
 - Level 3.8 Invocations


You had 12 spell levels left.
You knew the following spells:

 Your Spells              Type           Power      Damage    Failure   Level
a - Shock                 Conj/Air       24%        1d4       11%         1

Your spell library contained the following spells:

 Spells                   Type           Power      Damage    Failure   Level
 Static Discharge         Conj/Air       6%         N/A       17%         2
 Freeze                   Ice            4%         1d3       22%         1
 Summon Small Mammal      Summ           4%         N/A       22%         1
 Call Imp                 Summ           1%         N/A       32%         2
 Call Canine Familiar     Summ           1%         N/A       54%         3
 Confusing Touch          Hex            1%         N/A       54%         3
 Frozen Ramparts          Ice            2%         1d2       54%         3
 Gell's Gravitas          Tloc           0%         N/A       54%         3
 Ozocubu's Armour         Ice            1%         N/A       54%         3
 Summon Guardian Golem    Hex/Summ       1%         N/A       54%         3
 Airstrike                Air            4%         N/A       63%         4
 Summon Lightning Spire   Summ/Air       5%         N/A       78%         4
 Hailstorm                Conj/Ice       2%         3d3       88%         4
 Petrify                  Tmut/Erth      1%         N/A       91%         4
 Summon Ice Beast         Ice/Summ       1%         N/A       91%         4
 Lightning Bolt           Conj/Air       3%         1d14      97%         5
 Metabolic Englaciation   Hex/Ice        0%         N/A       99%         5
 Yara's Violent Unravell  Hex/Tmut       0%         3d3       99%         5
 Swiftness                Air            Unusable   N/A       N/A         3

Dungeon Overview and Level Annotations

Branches:
Dungeon (8/15)             Temple (0/1) D:5
   Lair: D:8-11

Altars:
Ashenzari
Hepliaklqana
Kikubaaqudgha
Makhleb
Okawaru
Ru
Sif Muna
Trog
Vehumet
Wu Jian
Xom
Zin
Beogh

Shops:
D:6 =


Innate Abilities, Weirdness & Mutations

You cannot be hasted, slowed, berserked, paralysed or teleported.
You can dig through walls and to a lower floor.
You have a pair of large antennae on your head. (SInv)
Your four strong arms can wield two-handed weapons with a shield.


Message History

* * * LOW HITPOINT WARNING * * *
The centaur warrior kicks you but does no damage.
You feel much better. The centaur warrior hits you.
The centaur warrior kicks you but does no damage.
You hit the centaur warrior.
The centaur warrior is heavily wounded.
The centaur warrior hits you but does no damage.
The centaur warrior closely misses you.
You sock the centaur warrior!
The centaur warrior is severely wounded.
The centaur warrior drinks a potion.
The centaur warrior is healed!
You hit the centaur warrior.
The centaur warrior is moderately wounded.
The centaur warrior hits you but does no damage.
The centaur warrior kicks you.
* * * LOW HITPOINT WARNING * * *
The centaur warrior completely misses you.
The centaur warrior kicks you but does no damage.
You closely miss the centaur warrior.
The centaur warrior is moderately wounded.
The centaur warrior hits you but does no damage.
The centaur warrior kicks you but does no damage.
You closely miss the centaur warrior.
The centaur warrior is moderately wounded.
The centaur warrior hits you!
* * * LOW HITPOINT WARNING * * *
The centaur warrior barely misses you.
You hit the centaur warrior.
The centaur warrior is moderately wounded.
The centaur warrior barely misses you.
The centaur warrior kicks you but does no damage.
You thump the centaur warrior!
The centaur warrior is heavily wounded.
The centaur warrior hits you.
* * * LOW HITPOINT WARNING * * *
The centaur warrior kicks you but does no damage.
You completely miss the centaur warrior.
The centaur warrior is heavily wounded.
The centaur warrior hits you!
You die...

........# #.....
........# #.##.#
........####.##.#
...........#.##.#
.#...c.......##.########
.............##.........
..####......†##.#######.
#########c##.#
........@....#
#########.#### #<# ### {


You could see a centaur warrior.

Vanquished Creatures
  A centaur warrior (D:8)
  An unseen horror (D:5)
  Sigmund (D:6)
  A wyvern (D:7)
  2 steam dragons
  Duvessa (D:6)
  2 ice beasts (D:6)
  3 sky beasts
  An ogre (D:6)
  2 centaurs
  The ghost of iNFECTIOUSiTCH the Sneak, an amateur OpBr (D:3)
  3 kobold brigands
  Blork the orc (D:6)
  3 bullfrogs
  2 scorpions
  Dowan (D:6)
  4 killer bees (D:8)
  4 wights (D:7)
  2 howler monkeys
  2 bullfrog zombies (D:4)
  3 centaur zombies
  3 hounds (D:5)
  2 centaur skeletons
  A jelly (D:5)
  Jessica (D:3)
  3 scorpion zombies (D:4)
  2 iguanas
  2 orc wizards (D:8)
  3 hound zombies (D:4)
  A hound skeleton (D:4)
  A howler monkey zombie (D:6)
  4 gnolls (D:3)
  4 adders
  2 howler monkey skeletons
  3 white imps
  2 ufetubi
  2 adder zombies
  2 worms
  5 dart slugs
  12 orcs
  3 endoplasms
  2 giant cockroaches (D:2)
  4 goblins
  5 hobgoblins
  10 jackals
  23 kobolds
  5 quokkas
  5 ball pythons
  4 bats
  2 frilled lizards (D:1)
  5 rats
164 creatures vanquished.

Vanquished Creatures (collateral kills)
  A howler monkey (D:8)
1 creature vanquished.

Vanquished Creatures (others)
  2 killer bees (D:8)
  9 withered plants (D:4)
11 creatures vanquished.

Grand Total: 176 creatures vanquished

Notes
Turn   | Place    | Note
-------+----------+-------------------------------------------
     0 | D:1      | lessens the Formicid Air Elementalist began the quest for
                  | the Orb.
     0 | D:1      | Reached XP level 1. HP: 13/13 MP: 3/3
   235 | D:1      | Reached skill level 1 in Fighting
   319 | D:1      | Reached XP level 2. HP: 21/21 MP: 3/5
   404 | D:1      | Reached skill level 1 in Maces & Flails
   623 | D:1      | Found a faded altar of an unknown god.
   830 | D:1      | Reached skill level 2 in Maces & Flails
   830 | D:1      | Reached XP level 3. HP: 18/26 MP: 6/6
  1735 | D:2      | Reached XP level 4. HP: 13/32 MP: 5/7
  1743 | D:2      | Reached skill level 3 in Maces & Flails
  2702 | D:3      | Found a hazy altar of Hepliaklqana.
  2806 | D:3      | Noticed Jessica
  2835 | D:3      | Killed Jessica
  3106 | D:3      | Found a shimmering blue altar of Sif Muna.
  3122 | D:3      | Reached XP level 5. HP: 19/37 MP: 1/8
  3137 | D:3      | Reached skill level 4 in Maces & Flails
  3461 | D:3      | Found a burning altar of Makhleb.
  3733 | D:3      | Found a runed translucent gate.
  3733 | D:3      | Found a runed translucent gate.
  3736 | D:3      | Found a runed translucent gate.
  3737 | D:3      | Noticed iNFECTIOUSiTCH's ghost (amateur OpBr)
  3737 | D:3      | Identified the +7 hand axe "Waxar" {flame, Will++ rCorr}
  3855 | D:3      | Killed iNFECTIOUSiTCH's ghost
  3856 | D:3      | Reached skill level 5 in Maces & Flails
  3856 | D:3      | Reached XP level 6. HP: 20/43 MP: 0/9
  4413 | D:4      | Noticed a steam dragon
  4477 | D:3      | Killed a steam dragon
  4478 | D:3      | Reached skill level 6 in Maces & Flails
  4691 | D:4      | Reached XP level 7. HP: 43/48 MP: 10/10
  4812 | D:4      | Found a sacrificial altar of Ru.
  4818 | D:4      | Identified the +3 leather armour of Kaxaduj {Harm rElec
                  | Will+++ MP-9}
  4847 | D:4      | Reached skill level 7 in Maces & Flails
  5065 | D:4      | Identified the +0 war axe "Qeygath" {venom, rPois rC-
                  | Will++}
  5498 | D:4      | Reached skill level 8 in Maces & Flails
  5498 | D:4      | Reached XP level 8. HP: 54/54 MP: 11/11
  5654 | D:5      | Entered Level 5 of the Dungeon
  5706 | D:5      | Found an iron altar of Okawaru.
  5713 | D:5      | Became a worshipper of Warmaster Okawaru
  5960 | D:5      | Found a broken altar of Ashenzari.
  6098 | D:5      | Noticed an unseen horror
  6110 | D:5      | Killed an unseen horror
  6111 | D:5      | Reached skill level 9 in Maces & Flails
  6260 | D:5      | Found a staircase to the Ecumenical Temple.
  6329 | D:6      | Noticed Blork the orc
  6340 | D:6      | Killed Blork the orc
  6341 | D:6      | Reached skill level 10 in Maces & Flails
  6474 | D:6      | Noticed Duvessa
  6474 | D:6      | Noticed Dowan
  6497 | D:6      | Killed Duvessa
  6497 | D:6      | Reached * piety under Okawaru
  6498 | D:6      | Reached XP level 9. HP: 17/59 MP: 12/12
  6504 | D:6      | Killed Dowan
  6697 | D:6      | Found Ale Ilade's Jewellery Boutique.
  6791 | D:6      | Reached skill level 11 in Maces & Flails
  6869 | D:6      | Found a glowing silver altar of Zin.
  7060 | D:6      | Reached ** piety under Okawaru
  7160 | D:6      | Found a bloodstained altar of Trog.
  7550 | D:6      | Found an ornate altar of the Wu Jian Council.
  7611 | D:6      | Noticed Sigmund
  7617 | D:6      | Killed Sigmund
  7618 | D:6      | Reached skill level 1 in Invocations
  7632 | D:6      | Found a shimmering altar of Xom.
  8022 | D:7      | Reached skill level 12 in Maces & Flails
  8272 | D:7      | Found an ancient bone altar of Kikubaaqudgha.
  8298 | D:7      | Reached XP level 10. HP: 61/65 MP: 10/13
  8661 | D:7      | Found a radiant altar of Vehumet.
  8794 | D:8      | Noticed a centaur warrior
  8801 | D:8      | Identified the +7 war axe of Gluttony {vorpal, rCorr}
  8801 | D:8      | Noticed a centaur warrior
  8804 | D:8      | Noticed a centaur warrior
  8817 | D:8      | Killed a centaur warrior
  8817 | D:8      | Reached *** piety under Okawaru
  8818 | D:8      | Reached skill level 13 in Maces & Flails
  9264 | D:8      | Slain by a centaur warrior

Illustrated notes

Levels and vault maps discovered:
D:1:      minmay_arrival_diagonal_passages, layout_basic,
          shapermc_ecumenical_altar_mp_ritualfount
D:2:      layout_rooms
D:3:      layout_basic, lemuel_doored_altar, amcnicky_altar_gilded,
          nicolae_sif_muna_condensation, biasface_ghost_orc_armoury,
          uniq_jessica
D:4:      layout_rooms, nicolae_ru_path_of_blood, serial_undead,
          serial_undead_c, serial_undead_c, serial_undead_f, serial_undead_a,
          serial_undead_a, serial_undead_b, serial_undead_c, serial_undead_d,
          kennysheep_generic_room_3
D:5:      layout_rooms, old_standard_altar, ashenzari_conservatory_becter,
          minmay_temple_entry_fiery, minmay_misc_feat_encased, chequers_garden
D:6:      layout_basic, zin_academy, lemuel_tele_altar, xom_teletrap_fun,
          lemuel_round_altar, serial_shops, shop_statue, grunt_decor_cap,
          uniq_blork_the_orc, uniq_duvessa, uniq_sigmund
D:7:      layout_rooms, kennysheep_little_box, nicolae_vehumet_altar_sigil
D:8:      layout_basic, nicolae_overflow_crystal_walls, minmay_the_grid_2x2
          [minmay_the_grid_all_tris, minmay_the_grid_mess,
          minmay_the_grid_zigzag_pyramid, minmay_the_grid_prize_trominoes],
          uniq_gastronok

Skill      XL: |  1  2  3  4  5  6  7  8  9 10 |
---------------+-------------------------------+-----
Fighting       | 1 4 |  4.0
Maces & Flails | 2 3 5 6 8 10 12 13 | 13.2
Invocations    | 3 |  3.8
Dodging        | |  1.7
Stealth        | |  2.4
Spellcasting   | |  2.1
Conjurations   | |  0.8
Air Magic      | |  2.4

Action                   |  1- 3 |  4- 6 |  7- 9 | 10-12 || total
-------------------------+-------+-------+-------+-------++-------
Melee: Unarmed           |     8 |       |       |       ||     8
       Club              |    91 |    50 |       |       ||   141
       Flail             |       |     5 |       |       ||     5
       Hand axe          |       |    18 |   259 |    85 ||   362
       Great mace        |       |       |       |    12 ||    12
       Punch             |       |       |       |     1 ||     1
 Cast: Shock             |    36 |    62 |     6 |     4 ||   108
Invok: Heroism           |       |       |     1 |     3 ||     4
 Abil: Dig               |       |       |     1 |       ||     1
Evoke: Wand              |       |       |     5 |     6 ||    11
  Use: Potion            |       |     1 |     1 |     4 ||     6
       Scroll            |       |       |     3 |       ||     3
 Stab: Sleeping          |     4 |     1 |     1 |       ||     6
       Paralysed         |       |       |     3 |       ||     3
Armor: Robe              |    21 |     7 |       |       ||    28
       Ring mail         |       |     8 |       |       ||     8
       Steam dragon scal |       |     1 |   106 |    78 ||   185
Dodge: Dodged            |   106 |    68 |   170 |    68 ||   412

Table legend: (Time is in decaauts)
 A = Elapsed time spent in this place.
 B = Non-inter-level travel time spent in this place.
 C = Inter-level travel time spent in this place.
 D = Time resting spent in this place.
 E = Time spent auto-exploring this place.
 F = Levels seen in this place.
 G = Mean time per level.
                   A        B        C        D        E       F      G
               +--------+--------+--------+--------+--------+-----+--------+
         Total |   9270 |   8859 |    411 |    773 |   6573 |   8 | 1158.8 |
       Dungeon |   9270 |   8859 |    411 |    773 |   6573 |   8 | 1158.8 |
               +--------+--------+--------+--------+--------+-----+--------+

Top non-repeatable levels by time:
     D:3: 1910 daAuts
     D:1: 1679 daAuts
     D:6: 1573 daAuts
     D:7: 1109 daAuts
     D:2: 1093 daAuts
     D:4: 1008 daAuts
     D:5: 636 daAuts
     D:8: 259 daAuts
